[Event "Titled Tuesday Blitz May 9 Early 2023"]
[White "Silva Lucena, Cristian"]
[Black "Taboas Rodriguez, Daniel"]
[WhiteFideId "2232588"]
[BlackFideId "2208466"]
[WhiteElo "2223"]
[BlackElo "2365"]
[Result "0-1"]
[Round "03"]
[TimeControl "180+2"]
[Date "2023.05.09"]
[WhiteClock "0:00:14"]
[BlackClock "0:00:43"]

1. Nf3 Nf6 2. g3 b6 3. Bg2 Bb7 4. O-O g6 5. c4 Bg7 6. Nc3 O-O 7. b3 d5 8. cxd5 Nxd5 9. Bb2 c5 10. d4 cxd4 11. Nxd4 Nxc3 12. Bxc3 Bxg2 13. Kxg2 Qc7 14. Rc1 Rd8 15. e3 Nc6 16. Qf3 Ne5 17. Nb5 Qd7 18. Bxe5 Bxe5 19. a4 a6 20. Rfd1 Qe6 21. Nc7 Bxc7 22. Rxc7 Kg7 23. Rdc1 Rac8 24. Rxc8 Rxc8 25. Rxc8 Qxc8 26. Qe4 Qc5 27. b4 Qd6 28. a5 bxa5 29. bxa5 Qc5 30. Qd4+ Qxd4 31. exd4 Kf6 32. Kf3 Ke6 33. Ke4 f5+ 34. Kd3 Kd5 35. h4 h6 36. f3 g5 37. hxg5 hxg5 38. g4 e6 39. Ke3 Kc4 40. f4 gxf4+ 41. Kxf4 fxg4 42. Kxg4 Kxd4 0-1


[Site "https://www.chess.com"]

[Event "Titled Tuesday Blitz May 9 Early 2023"]
[White "Harriott, Tyrell"]
[Black "Han, Yichen"]
[WhiteFideId "2086484"]
[BlackFideId "1054430"]
[WhiteElo "2107"]
[BlackElo "2342"]
[Result "0-1"]
[Round "03"]
[TimeControl "180+2"]
[Date "2023.05.09"]
[WhiteClock "0:00:01"]
[BlackClock "0:00:14"]

1. d4 Nf6 2. e3 c5 3. f4 d5 4. c3 h6 5. Bd3 g5 6. Ne2 Nc6 7. O-O Bg4 8. Nd2 e6 9. Qe1 Be7 10. Ng3 Qc7 11. h3 Bh5 12. e4 gxf4 13. Nxh5 Nxh5 14. exd5 exd5 15. dxc5 O-O-O 16. b4 d4 17. Bb2 Rhe8 18. Bf5+ Kb8 19. Qb1 Ng3 20. Rf2 Bf6 21. cxd4 Nxd4 22. Bd3 Nde2+ 23. Kh2 Bxb2 24. Qxb2 Rxd3 25. Nf3 Rde3 26. Qg7 Ne4 27. Rff1 Ng5 28. Qxh6 Nxf3+ 29. Rxf3 Nd4 30. Rxf4 Ne6 31. Rf1 Nxf4 32. Rxf4 R3e4 33. g3 Re2+ 34. Kg1 Qe5 35. Rf3 Re1+ 36. Rf1 Qxg3+ 0-1


[Site "https://www.chess.com"]

[Event "Titled Tuesday Blitz May 9 Early 2023"]
[White "Brueckner, Thomas"]
[Black "MKlose11"]
[WhiteFideId "4600452"]
[WhiteElo "2322"]
[BlackElo "2563"]
[Result "0-1"]
[Round "03"]
[TimeControl "180+2"]
[Date "2023.05.09"]
[WhiteClock "0:00:04"]
[BlackClock "0:00:40"]

1. Nf3 Nf6 2. g3 g6 3. b3 Bg7 4. Bb2 d6 5. d4 O-O 6. Bg2 c5 7. O-O cxd4 8. Nxd4 a6 9. c4 Qc7 10. Nc3 Nc6 11. e3 Bd7 12. h3 Qa5 13. Qd2 Rfe8 14. Rfd1 Rac8 15. Nd5 Qxd2 16. Rxd2 Nxd5 17. cxd5 Nxd4 18. Bxd4 Bxd4 19. Rxd4 Rc2 20. a4 Rec8 21. Rb4 R8c7 22. Rd1 Rb2 23. Bf1 Rcc2 24. Rxb7 Bxa4 25. Rxe7 Bxb3 26. Ra1 Rxf2 27. Rb7 a5 28. Rxa5 Rxf1+ 29. Kxf1 Bc4+ 30. Kg1 Rxb7 31. Ra8+ Kg7 32. Rd8 Rb6 0-1


[Site "https://www.chess.com"]

[Event "Titled Tuesday Blitz May 9 Early 2023"]
[White "Kirillov, Dmitry"]
[Black "Al-Tarboush, Ward"]
[WhiteFideId "34180572"]
[BlackFideId "7601450"]
[WhiteElo "2161"]
[BlackElo "2265"]
[Result "0-1"]
[Round "03"]
[TimeControl "180+2"]
[Date "2023.05.09"]
[WhiteClock "0:00:05"]
[BlackClock "0:00:02"]

1. d4 Nf6 2. c4 b6 3. Nc3 Bb7 4. Nf3 e6 5. g3 Be7 6. Bg2 O-O 7. d5 exd5 8. cxd5 Bb4 9. Nh4 c6 10. O-O Bxc3 11. dxc6 Bxc6 12. bxc3 Bxg2 13. Nxg2 Qc7 14. Ba3 Rc8 15. Rc1 Na6 16. Bd6 Qc6 17. f3 Nc5 18. e4 Re8 19. Ne3 Rac8 20. c4 Re6 21. Bf4 h6 22. Nd5 Qa4 23. Qd2 Qa3 24. Rc3 Qa5 25. Rc2 Qxd2 26. Bxd2 Na4 27. Rfc1 Kh7 28. Bb4 Ne8 29. Kf2 Nc5 30. Ke3 f5 31. Nf4 Re7 32. Nd5 Re6 33. Nf4 Re7 34. Nd5 Re5 35. Bc3 Re6 36. Nf4 Rec6 37. e5 Na4 38. Bd4 b5 39. c5 Nc7 40. h4 Ne6 41. Nd3 a5 42. f4 b4 43. Rc4 g6 44. a3 Nc7 45. axb4 Nd5+ 46. Kd2 axb4 47. Nxb4 Nxb4 48. Rxb4 Nxc5 49. Bxc5 Rxc5 50. Rxc5 Rxc5 51. Rb7 Rd5+ 52. Ke3 Kg8 53. Rb6 Kf7 54. Rf6+ Kg7 55. Ra6 g5 56. h5 gxf4+ 57. Kxf4 Rd4+ 58. Kxf5 Rd3 59. Rg6+ Kh7 60. Kf6 Rf3+ 61. Ke7 Rf5 62. Kd6 Rxh5 63. g4 Rh1 64. Kxd7 Kxg6 65. e6 Rd1+ 66. Ke7 Re1 67. Kf8 Rxe6 68. Kg8 Re8# 0-1


[Site "https://www.chess.com"]

[Event "Titled Tuesday Blitz May 9 Early 2023"]
[White "Sreyas Payyappat"]
[Black "Kohler, Aran"]
[WhiteFideId "46674969"]
[BlackFideId "1002856"]
[WhiteElo "2043"]
[BlackElo "2335"]
[Result "0-1"]
[Round "03"]
[TimeControl "180+2"]
[Date "2023.05.09"]
[WhiteClock "0:00:04"]
[BlackClock "0:00:17"]

1. e4 c6 2. d4 d5 3. Nc3 dxe4 4. Nxe4 Bf5 5. Ng3 Bg6 6. Nf3 Nd7 7. h4 h6 8. Bd3 Bxd3 9. Qxd3 e6 10. Bd2 Ngf6 11. O-O-O Be7 12. Rde1 a5 13. Ne4 Nxe4 14. Qxe4 Nf6 15. Qd3 a4 16. g4 a3 17. b3 Nxg4 18. Rhg1 h5 19. Ng5 Bxg5 20. Bxg5 Qd5 21. f3 Nf2 22. Qe3 Nh3 23. Rg3 Nxg5 24. Rxg5 Qd7 25. Rxg7 O-O-O 26. Rg5 Qxd4 27. Qxd4 Rxd4 28. Re4 Rxe4 29. fxe4 Kd7 30. Kd2 b5 31. Kc3 f6 32. Rg7+ Kd6 33. Kd4 c5+ 34. Ke3 Rc8 35. c3 Ke5 36. Rh7 f5 37. Rxh5 b4 38. c4 Rd8 39. exf5 exf5 40. Rg5 Rd1 41. Rg2 Rh1 42. Rd2 Rh3+ 43. Ke2 Rxh4 44. Kf3 Rh3+ 45. Kg2 Re3 46. Kf2 Rc3 47. Rd5+ Ke4 48. Rd2 f4 49. Rd8 Rc2+ 50. Ke1 Rxa2 0-1


[Site "https://www.chess.com"]

[Event "Titled Tuesday Blitz May 9 Early 2023"]
[White "Hinds, Nathan"]
[Black "Saya, Ethan"]
[WhiteFideId "7400730"]
[BlackFideId "26095181"]
[WhiteElo "2001"]
[BlackElo "2164"]
[Result "0-1"]
[Round "03"]
[TimeControl "180+2"]
[Date "2023.05.09"]
[WhiteClock "0:00:00"]
[BlackClock "0:01:01"]

1. Nf3 d5 2. d4 c6 3. c4 e6 4. g3 Nf6 5. Bg2 Be7 6. O-O O-O 7. Nfd2 c5 8. dxc5 Bxc5 9. cxd5 exd5 10. Nb3 Bb6 11. Bg5 Nc6 12. Nc3 Be6 13. Bxf6 Qxf6 14. Nxd5 Qxb2 15. Nf4 Bxb3 16. Qxb3 Qxb3 17. axb3 Rac8 18. e3 Rfd8 19. Nd5 Bc5 20. Rfc1 Bf8 21. Ra4 a6 22. Rac4 Na7 23. Nb6 Rxc4 24. Rxc4 Rd1+ 25. Bf1 Nc6 26. Kg2 Rb1 27. Rc3 g6 28. Bc4 Bg7 29. Rd3 Ne5 30. Rd8+ Bf8 31. Nd7 Nxd7 32. Rxd7 b5 33. Bxf7+ Kg7 34. Bd5+ Kh6 35. h4 Rd1 36. e4 Bc5 37. Rf7 a5 38. g4 a4 39. bxa4 bxa4 40. g5+ Kh5 41. Rxh7+ Kg4 42. f3+ Kf4 43. Rf7+ Ke3 44. Kg3 Rg1+ 45. Kh3 Rh1+ 46. Kg3 a3 47. Kg2 Rxh4 48. Rb7 Rh5 49. Rb3+ Kd4 50. Rb1 Rxg5+ 51. Kf2 Kc3+ 52. Ke2 a2 53. Rc1+ Kb2 54. Bxa2 Kxc1 55. Bd5 Kc2 56. f4 Rg3 57. f5 gxf5 58. Kf1 fxe4 59. Bxe4+ Kc3 60. Bg2 Kd4 61. Bc6 Ke3 62. Bg2 Bd6 63. Bh3 Bf4 64. Bg2 Rg5 65. Bh3 Ra5 66. Kg2 Ra1 0-1


[Site "https://www.chess.com"]

[Event "Titled Tuesday Blitz May 9 Early 2023"]
[White "wqws"]
[Black "Vifleemskaia, Svetlana"]
[BlackFideId "4129490"]
[WhiteElo "2556"]
[BlackElo "1930"]
[Result "0-1"]
[Round "03"]
[TimeControl "180+2"]
[Date "2023.05.09"]
[WhiteClock "0:00:10"]
[BlackClock "0:00:08"]

1. e4 e5 2. Nf3 Nc6 3. Bb5 a6 4. Ba4 Nf6 5. d3 d6 6. c3 g6 7. Nbd2 Bg7 8. Nf1 O-O 9. Ne3 b5 10. Bb3 Be6 11. h4 Bxb3 12. axb3 h5 13. Ng5 Qd7 14. Qf3 Ng4 15. Nd5 a5 16. Qe2 Ne7 17. Nxe7+ Qxe7 18. f3 Nf6 19. Nh3 d5 20. Nf2 a4 21. b4 c5 22. bxc5 Qxc5 23. O-O dxe4 24. fxe4 Ng4 25. Kh1 Nxf2+ 26. Qxf2 Qxf2 27. Rxf2 Rfd8 28. Rf3 Ra7 29. Bg5 Rd6 30. b3 a3 31. Be3 Ra8 32. Bc5 Rc6 33. b4 Bf8 34. d4 Bxc5 35. dxc5 a2 36. Rf2 Rca6 37. Rc2 Ra4 38. Kg1 Kf8 39. Kf1 Ke7 40. Ke1 f5 41. exf5 gxf5 42. Kd1 Ke6 43. Kc1 e4 44. Kb2 f4 45. Rd2 Ke5 46. c6 Rc8 47. Kb3 Rxc6 48. Raxa2 Rxa2 49. Rxa2 e3 50. Kc2 Rg6 51. Kd3 Rd6+ 52. Ke2 Ke4 53. Ra5 Rd2+ 54. Ke1 Rxg2 55. Rxb5 Kf3 56. Kd1 e2+ 57. Kd2 Rg1 58. Re5 Rd1+ 59. Kc2 e1=Q 60. Rxe1 Rxe1 61. b5 Ke4 62. b6 Kd5 63. b7 Re8 0-1


[Site "https://www.chess.com"]

[Event "Titled Tuesday Blitz May 9 Early 2023"]
[White "Mike24147"]
[Black "Vlassov, Nikolai"]
[BlackFideId "4103360"]
[WhiteElo "2311"]
[BlackElo "2324"]
[Result "0-1"]
[Round "03"]
[TimeControl "180+2"]
[Date "2023.05.09"]
[WhiteClock "0:00:00"]
[BlackClock "0:00:22"]

1. e4 Nc6 2. Nf3 d5 3. exd5 Qxd5 4. Nc3 Qa5 5. Bb5 Bd7 6. d4 a6 7. Be2 O-O-O 8. O-O Bg4 9. Be3 Nh6 10. h3 Bh5 11. Bxh6 gxh6 12. d5 e6 13. Ne5 Nxe5 14. Bxh5 exd5 15. Qd4 Bg7 16. Qa7 Qb6 17. Qxb6 cxb6 18. Rad1 d4 19. Na4 Kc7 20. f4 Nc4 21. Rfe1 Ne3 22. Rd2 f5 23. Bf3 Rd6 24. c3 Rhd8 25. cxd4 Rxd4 26. Rxd4 Bxd4 27. Kh1 b5 28. Nc3 Bxc3 29. bxc3 Rd3 30. Rc1 b6 31. Be2 Rd2 32. Bf3 Rxa2 33. Re1 Nc4 34. Re7+ Kd6 35. Rxh7 Nd2 36. Rxh6+ Kd7 37. Rxb6 Nxf3 38. gxf3 Kc7 39. Rf6 a5 40. Rxf5 Kc6 41. h4 a4 42. h5 a3 43. Rf6+ Kb7 44. Rf7+ Kb6 45. Rf6+ Ka5 46. Rf8 Rf2 47. Ra8+ Kb6 48. Rxa3 Rxf3 49. Ra8 Rxc3 50. Kg2 Rc5 51. Rh8 b4 52. h6 Kb7 53. h7 Rh5 54. f5 b3 0-1


[Site "https://www.chess.com"]

[Event "Titled Tuesday Blitz May 9 Early 2023"]
[White "Mortazavi, Ali"]
[Black "Barbot, Pierre"]
[WhiteFideId "401323"]
[BlackFideId "663727"]
[WhiteElo "2339"]
[BlackElo "2431"]
[Result "1-0"]
[Round "03"]
[TimeControl "180+2"]
[Date "2023.05.09"]
[WhiteClock "0:00:07"]
[BlackClock "0:00:00"]

1. Nf3 Nf6 2. g3 g6 3. Bg2 Bg7 4. O-O d5 5. d3 O-O 6. Nbd2 c5 7. e3 Nc6 8. e4 e5 9. c3 h6 10. Qa4 Qc7 11. exd5 Nxd5 12. Qc4 Nce7 13. Nb3 b6 14. d4 Be6 15. Qe2 exd4 16. cxd4 c4 17. Nbd2 Rac8 18. Ne5 b5 19. Ne4 Nc6 20. Nxc6 Qxc6 21. Nc5 Rfe8 22. Nxe6 Rxe6 23. Qf3 Rd8 24. Bd2 Qd7 25. Ba5 Nb6 26. Rad1 Rd6 27. h4 Rxd4 28. Rxd4 Qxd4 29. h5 Qd3 30. Qg4 Bxb2 31. Be4 Qd6 32. hxg6 fxg6 33. Bxg6 Bg7 34. Bc2 Qd7 35. Qe4 Qe7 36. Qxe7 1-0


[Site "https://www.chess.com"]

[Event "Titled Tuesday Blitz May 9 Early 2023"]
[White "Sarkar, Justin"]
[Black "Garv Gaur"]
[WhiteFideId "2010011"]
[BlackFideId "45030839"]
[WhiteElo "2168"]
[BlackElo "2068"]
[Result "0-1"]
[Round "03"]
[TimeControl "180+2"]
[Date "2023.05.09"]
[WhiteClock "0:00:00"]
[BlackClock "0:00:14"]

1. a4 Nf6 2. Nf3 g6 3. g3 Bg7 4. Bg2 O-O 5. O-O c6 6. d4 d5 7. a5 Na6 8. Bf4 Bf5 9. c3 c5 10. Nbd2 Ne4 11. Qb3 cxd4 12. cxd4 Nd6 13. Qxd5 Be6 14. Qg5 Bf6 15. Qh6 Nf5 16. Qh3 Nxd4 17. Qh6 Nf5 18. Qh3 Ne3 19. Qxe6 fxe6 20. Bxe3 Qe8 21. Ne4 Qb5 22. Nd4 Bxd4 23. Bxd4 Rfd8 24. Bc3 Qxe2 25. Rfe1 Qb5 26. h4 Nc5 27. Nxc5 Qxc5 28. Rxe6 Rab8 29. Rae1 Rd7 30. Bh3 Rc7 31. Be5 Re8 32. Bxc7 Qxc7 33. h5 Kf7 34. hxg6+ hxg6 35. R1e3 Qxa5 36. Rf3+ Kg7 37. Rf4 Qa1+ 38. Kg2 Qxb2 39. Rg4 Qc2 40. Rg5 Kf7 41. Re3 a5 42. Be6+ Kf6 43. Rg4 Qc6+ 44. Rf3+ Kxe6 45. Rxg6+ Kd7 46. Rxc6 Kxc6 47. Rc3+ Kb5 48. Rb3+ Ka6 49. g4 a4 50. Rb1 b5 51. g5 Ka5 52. f4 b4 53. g6 a3 54. Kf3 a2 55. Rg1 b3 56. f5 b2 0-1


[Site "https://www.chess.com"]

[Event "Titled Tuesday Blitz May 9 Early 2023"]
[White "Manukyan, Sargis V."]
[Black "Jiganchine, Roman"]
[WhiteFideId "13303465"]
[BlackFideId "2603667"]
[WhiteElo "2236"]
[BlackElo "2280"]
[Result "1-0"]
[Round "03"]
[TimeControl "180+2"]
[Date "2023.05.09"]
[WhiteClock "0:00:05"]
[BlackClock "0:00:00"]

1. d4 d5 2. c4 e6 3. Nc3 Nf6 4. cxd5 exd5 5. Bg5 c6 6. e3 Bf5 7. Qf3 Be6 8. Bxf6 Qxf6 9. Qxf6 gxf6 10. Nge2 a5 11. Nf4 a4 12. a3 Nd7 13. Bd3 b5 14. e4 Bh6 15. Nh5 dxe4 16. Bxe4 Rc8 17. O-O Ke7 18. Rad1 Bg4 19. Ng3 Bxd1 20. Nf5+ Kf8 21. Rxd1 Bf4 22. g3 Bb8 23. d5 cxd5 24. Rxd5 Nc5 25. Bf3 Be5 26. Nd4 Nb3 27. Ndxb5 h5 28. Rd7 h4 29. Bd5 hxg3 30. Rxf7+ Ke8 31. hxg3 Rd8 32. Bc4 Rd1+ 33. Nxd1 Nd2 34. Bd5 Nc4 35. Bxc4 Bd4 36. Rb7 1-0


[Site "https://www.chess.com"]

[Event "Titled Tuesday Blitz May 9 Early 2023"]
[White "Abrosimov, Vladimir"]
[Black "Erzhanov, Arman"]
[WhiteFideId "4166892"]
[BlackFideId "4138821"]
[WhiteElo "2336"]
[BlackElo "2138"]
[Result "0-1"]
[Round "03"]
[TimeControl "180+2"]
[Date "2023.05.09"]
[WhiteClock "0:00:40"]
[BlackClock "0:00:45"]

1. c4 d6 2. Nc3 e5 3. g3 g6 4. Bg2 Bg7 5. d3 Nc6 6. e4 Nge7 7. Nge2 O-O 8. O-O h6 9. f4 Be6 10. h3 Qd7 11. g4 f5 12. exf5 gxf5 13. g5 hxg5 14. fxg5 Ng6 15. Ng3 Nh4 16. Bd5 Rae8 17. Qh5 f4 18. Qxh4 fxg3 19. Qxg3 Nd4 20. Be3 Nf5 21. Qe1 c6 22. Bxe6+ Qxe6 23. Rf3 Qg6 24. Kh2 Nd4 25. Rxf8+ Rxf8 26. Bxd4 exd4 27. Ne4 Be5+ 28. Kh1 Qh5 29. Nf6+ Rxf6 30. gxf6 Qxh3+ 31. Kg1 Bh2+ 32. Kf2 Bg3+ 33. Ke2 Qg2+ 34. Kd1 Bxe1 35. Rc1 Qd2# 0-1


[Site "https://www.chess.com"]

[Event "Titled Tuesday Blitz May 9 Early 2023"]
[White "Hindermann, Felix"]
[Black "I_KID_you_not"]
[WhiteFideId "1305212"]
[WhiteElo "2206"]
[BlackElo "2276"]
[Result "0-1"]
[Round "03"]
[TimeControl "180+2"]
[Date "2023.05.09"]
[WhiteClock "0:00:00"]
[BlackClock "0:00:30"]

1. e4 c5 2. c3 e6 3. d4 d5 4. e5 Nc6 5. Be3 Bd7 6. Nf3 f6 7. Bd3 fxe5 8. dxe5 Qc7 9. O-O Nxe5 10. Nxe5 Qxe5 11. Nd2 O-O-O 12. Nf3 Qc7 13. c4 d4 14. Bg5 Nf6 15. a3 h6 16. Bh4 e5 17. Re1 Bd6 18. b4 Rde8 19. Nd2 g5 20. Bg3 h5 21. f3 h4 22. Bf2 g4 23. Ne4 Nxe4 24. Bxe4 gxf3 25. Qxf3 Ref8 26. Qd3 Bc6 27. bxc5 Bxc5 28. Rab1 Rf4 29. Bxc6 Qxc6 30. Rxe5 Rg8 31. Rd5 Rfg4 32. Qf3 Rxg2+ 33. Qxg2 Rxg2+ 34. Kxg2 Qg6+ 35. Kf3 Qxb1 36. Rxc5+ Kd7 37. Bxd4 Qd3+ 38. Be3 Qxa3 39. Rd5+ Ke6 40. Ke4 Qc3 41. Rd4 Qc2+ 42. Kf4 Qxh2+ 43. Ke4 Qg2+ 44. Kd3 h3 45. Bf4 h2 46. Bxh2 Qxh2 47. c5 Qg3+ 48. Kc4 Qa3 49. Rd6+ Ke7 50. Rd3 Qa4+ 51. Kd5 Qd7+ 52. Kc4 Qxd3+ 53. Kxd3 Kd7 54. Kc3 Kc6 55. Kc4 a6 56. Kd4 Kb5 57. Kd5 a5 58. Kd4 a4 59. c6 bxc6 60. Kc3 c5 0-1


[Site "https://www.chess.com"]

[Event "Titled Tuesday Blitz May 9 Early 2023"]
[White "Tsyhanchuk, Stanislav"]
[Black "Richter, Paul"]
[WhiteFideId "13505130"]
[BlackFideId "2046350"]
[WhiteElo "2173"]
[BlackElo "2541"]
[Result "0-1"]
[Round "03"]
[TimeControl "180+2"]
[Date "2023.05.09"]
[WhiteClock "0:00:08"]
[BlackClock "0:00:13"]

1. e4 c5 2. Nf3 d6 3. d4 cxd4 4. Nxd4 Nf6 5. Nc3 g6 6. f3 Bg7 7. Be3 O-O 8. Qd2 Nc6 9. O-O-O d5 10. exd5 Nxd5 11. Nxd5 Qxd5 12. Nb3 Qe5 13. c3 Bf5 14. g4 Be6 15. Bd3 Rfd8 16. Qe2 a5 17. f4 Qc7 18. f5 Bd5 19. fxg6 hxg6 20. Kb1 a4 21. Nd4 Bxh1 22. Rxh1 Nxd4 23. Bxd4 Bxd4 24. cxd4 Rxd4 25. h4 Rad8 26. h5 Rxd3 27. hxg6 Qd6 28. gxf7+ Kg7 29. f8=Q+ Rxf8 30. g5 Rd8 31. Kc1 Qc5+ 32. Kb1 Qd6 33. Kc1 Rd2 34. Qh5 Qc6+ 35. Kb1 Qc2+ 36. Ka1 Qxb2# 0-1


[Site "https://www.chess.com"]

[Event "Titled Tuesday Blitz May 9 Early 2023"]
[White "babbilator"]
[Black "Goffredo_Fofi"]
[WhiteElo "2271"]
[BlackElo "2540"]
[Result "0-1"]
[Round "03"]
[TimeControl "180+2"]
[Date "2023.05.09"]
[WhiteClock "0:00:00"]
[BlackClock "0:00:11"]

1. e4 Nf6 2. e5 Nd5 3. Nc3 e6 4. Ne4 d6 5. d4 Nd7 6. Nf3 Be7 7. Bd3 Nb4 8. Be2 dxe5 9. dxe5 Nc5 10. Nxc5 Qxd1+ 11. Bxd1 Bxc5 12. a3 Nc6 13. b4 Be7 14. Be2 a5 15. b5 Nb8 16. Bf4 Nd7 17. O-O h6 18. Nd2 Nc5 19. h3 Bd7 20. Rfd1 O-O 21. a4 Rfd8 22. Bf3 c6 23. Nc4 cxb5 24. Nb6 Rab8 25. Be3 Bc6 26. Rxd8+ Rxd8 27. Bxc6 bxc6 28. axb5 cxb5 29. Rxa5 Rd1+ 30. Kh2 Ne4 31. Ra8+ Kh7 32. Ra7 Bc5 33. Bxc5 Nxc5 34. Rxf7 Rd2 35. Nc8 Rxc2 36. Nd6 b4 0-1


[Site "https://www.chess.com"]

[Event "Titled Tuesday Blitz May 9 Early 2023"]
[White "Boldoo, Erdenepurev"]
[Black "Levitan, Caleb Levi"]
[WhiteFideId "4901037"]
[BlackFideId "14332620"]
[WhiteElo "2299"]
[BlackElo "1963"]
[Result "1-0"]
[Round "03"]
[TimeControl "180+2"]
[Date "2023.05.09"]
[WhiteClock "0:00:44"]
[BlackClock "0:00:11"]

1. d4 d5 2. c4 e6 3. Nf3 Nf6 4. g3 dxc4 5. Bg2 Bb4+ 6. Bd2 c5 7. O-O O-O 8. dxc5 Bxc5 9. Qc2 Nbd7 10. Qxc4 a6 11. Qc2 Rb8 12. Bf4 Ra8 13. Nc3 Qe7 14. Rac1 Ba7 15. Rfd1 h6 16. Bd6 Qe8 17. e3 Rb8 18. h3 b5 19. Bxf8 Nxf8 20. Ne5 Bb7 21. Ne4 Rc8 22. Qb1 Rxc1 23. Rxc1 Bxe4 24. Bxe4 Bb8 25. Nc6 Bc7 26. Bf3 Bb6 27. Kg2 N8d7 28. b4 e5 29. Be4 Qe6 30. Bf5 Qd5+ 31. e4 Qd2 32. Qc2 Qd6 33. Rd1 Qc7 34. Bxd7 Nxd7 35. Ne7+ Kf8 36. Qxc7 Bxc7 37. Rxd7 1-0


[Site "https://www.chess.com"]

[Event "Titled Tuesday Blitz May 9 Early 2023"]
[White "Kuchava, Ana"]
[Black "Thorhallsson, Simon"]
[WhiteFideId "13605348"]
[BlackFideId "2310090"]
[WhiteElo "2001"]
[BlackElo "2108"]
[Result "1-0"]
[Round "03"]
[TimeControl "180+2"]
[Date "2023.05.09"]
[WhiteClock "0:00:10"]
[BlackClock "0:00:04"]

1. d4 Nf6 2. Nf3 d5 3. c4 e6 4. Nc3 c5 5. cxd5 Nxd5 6. e4 Nxc3 7. bxc3 cxd4 8. cxd4 Bb4+ 9. Bd2 Bxd2+ 10. Qxd2 O-O 11. Be2 b6 12. Rd1 Bb7 13. d5 exd5 14. exd5 Nd7 15. O-O Nf6 16. Bc4 Rc8 17. Bb3 Rc5 18. d6 Bd5 19. Bxd5 Rxd5 20. Qf4 h6 21. h3 Qd7 22. Rxd5 Nxd5 23. Qe5 Nf6 24. Rc1 Re8 25. Qd4 Rd8 26. Rc7 Qxd6 27. Qxd6 Rxd6 28. Rxa7 Ne4 29. Kf1 Rc6 30. Ne5 Rc1+ 31. Ke2 f6 32. Nd7 Rb1 33. f3 Rb2+ 34. Kd3 Nd6 35. Ra8+ Kf7 36. g4 Rh2 37. Nxb6 Rxh3 38. Ke3 Rh2 39. Ra7+ Kg6 40. a4 Rb2 41. a5 Rb5 42. Ra8 Rc5 43. Kf2 Rb5 44. Ra7 Rb4 45. Kg3 h5 46. Nd5 hxg4 47. Nxb4 gxf3 48. Kxf3 1-0


[Site "https://www.chess.com"]

[Event "Titled Tuesday Blitz May 9 Early 2023"]
[White "Palacio,Igor Da Paz"]
[Black "Tomaszewski, Kacper"]
[WhiteFideId "2121140"]
[BlackFideId "1127373"]
[WhiteElo "2126"]
[BlackElo "2211"]
[Result "1-0"]
[Round "03"]
[TimeControl "180+2"]
[Date "2023.05.09"]
[WhiteClock "0:00:07"]
[BlackClock "0:00:24"]

1. e4 e6 2. d3 d5 3. Nd2 c5 4. Ngf3 Nc6 5. g3 Nf6 6. Bg2 Be7 7. O-O O-O 8. Re1 b5 9. a4 b4 10. exd5 exd5 11. Ne5 Nxe5 12. Rxe5 Bd6 13. Re1 Bg4 14. Nf3 Re8 15. Bg5 Rxe1+ 16. Qxe1 h6 17. Bd2 Qc7 18. h3 Re8 19. Qf1 Bd7 20. b3 Re7 21. Re1 Qd8 22. Rxe7 Qxe7 23. Qe1 Kf8 24. Qxe7+ Kxe7 25. Kf1 c4 26. dxc4 dxc4 27. Nd4 c3 28. Be3 a5 29. Nc6+ Bxc6 30. Bxc6 Bc7 31. Bc5+ Ke6 32. Bf8 Nh5 33. Bf3 g6 34. Bxh6 Nf6 35. Ke2 Nd7 36. Bb7 Nc5 37. Bg2 Bd6 38. Be3 Nd7 39. h4 Bc5 40. Bxc5 Nxc5 41. g4 Ke5 42. h5 Ne6 43. h6 Nf8 44. Ke3 g5 45. Be4 Kf6 46. h7 Kg7 47. f3 Ne6 48. Kd3 Nc5+ 49. Kc4 Nd7 50. Kb5 f5 51. gxf5 Ne5 52. Kxa5 Kxh7 53. Kxb4 g4 54. fxg4 Nxg4 55. Kxc3 Nf6 56. Kd4 Kg7 57. a5 Kf8 58. a6 Nd7 59. a7 Nb6 60. a8=Q+ Nxa8 61. Bxa8 Ke7 62. Be4 Kf6 63. c4 Kg5 64. b4 Kf4 65. b5 Kg5 66. b6 Kf6 67. b7 Ke7 68. b8=Q Kd7 69. Qb7+ Ke8 70. f6 Kf8 71. Qe7+ 1-0


[Site "https://www.chess.com"]

[Event "Titled Tuesday Blitz May 9 Early 2023"]
[White "Wimalasuriya, Kasun M."]
[Black "egorchess95"]
[WhiteFideId "9906789"]
[WhiteElo "2220"]
[BlackElo "2532"]
[Result "0-1"]
[Round "03"]
[TimeControl "180+2"]
[Date "2023.05.09"]
[WhiteClock "0:00:14"]
[BlackClock "0:00:36"]

1. d4 Nf6 2. c4 e5 3. dxe5 Ng4 4. Nf3 Bc5 5. e3 Nc6 6. Be2 O-O 7. O-O Ngxe5 8. a3 a5 9. Nc3 Re8 10. b3 Nxf3+ 11. Bxf3 Ne5 12. Bb2 Ra6 13. Ne4 Ba7 14. Ng3 Rh6 15. b4 Qh4 16. h3 d6 17. Bd4 Bb8 18. Bxe5 Rxe5 19. Bg4 f5 20. Bf3 Ba7 21. Re1 c6 22. Rc1 g5 23. b5 g4 24. bxc6 gxf3 25. Qxf3 Re7 26. Qd5+ Be6 27. Qxa5 bxc6 28. Rb1 Qf6 29. Qd8+ Qf8 30. Qxd6 Bxc4 31. Qf4 Bd3 32. Rbd1 Bb8 33. Qd4 Bxg3 34. Rxd3 Be5 35. Qc4+ Kh8 36. Red1 Re8 37. Rd7 Rg6 38. f4 Bg7 39. Rc7 Qxa3 40. Rdd7 Qxe3+ 41. Kh1 Qe1+ 42. Kh2 Qg3+ 43. Kg1 Re1+ 44. Qf1 Qxg2# 0-1


[Site "https://www.chess.com"]

[Event "Titled Tuesday Blitz May 9 Early 2023"]
[White "Kiseleva, Arina"]
[Black "Kokoszczynski, Jan"]
[WhiteFideId "4164989"]
[BlackFideId "1174460"]
[WhiteElo "1708"]
[BlackElo "2139"]
[Result "0-1"]
[Round "03"]
[TimeControl "180+2"]
[Date "2023.05.09"]
[WhiteClock "0:00:06"]
[BlackClock "0:00:21"]

1. d4 d5 2. Nf3 e6 3. e3 Nf6 4. Bd3 a6 5. Nbd2 b6 6. O-O Bb7 7. Ne5 Bd6 8. b3 Nbd7 9. Bb2 c5 10. Ndf3 O-O 11. Nxd7 Qxd7 12. dxc5 bxc5 13. c4 Qe7 14. Ne5 Rfd8 15. Ng4 Ne4 16. f3 dxc4 17. bxc4 Nf6 18. Nxf6+ gxf6 19. Qc2 Bxh2+ 20. Kf2 Qd6 21. Bxh7+ Kg7 22. f4 Qd2+ 23. Qxd2 Rxd2+ 0-1


[Site "https://www.chess.com"]

[Event "Titled Tuesday Blitz May 9 Early 2023"]
[White "Zaragatski, Ilja"]
[Black "petr577"]
[WhiteFideId "4655192"]
[WhiteElo "2460"]
[BlackElo "2209"]
[Result "1-0"]
[Round "03"]
[TimeControl "180+2"]
[Date "2023.05.09"]
[WhiteClock "0:00:53"]
[BlackClock "0:00:06"]

1. e4 e5 2. Nf3 Nc6 3. Bb5 f5 4. Nc3 fxe4 5. Nxe4 Nf6 6. Qe2 d5 7. Nxf6+ gxf6 8. d4 Bg7 9. Bxc6+ bxc6 10. Bf4 O-O 11. dxe5 Rb8 12. O-O-O Bg4 13. e6 Re8 14. h3 Rxe6 15. Qd3 Bxf3 16. Qxf3 f5 17. c3 Qf6 18. Be3 c5 19. Bxc5 Ra6 20. Qxd5+ Kh8 21. Bd4 Qh6+ 22. Kc2 Qg6 23. Bxg7+ Qxg7 24. Rhe1 Rab6 25. Qd8+ Rxd8 26. Rxd8+ Qg8 27. Ree8 Qxe8 28. Rxe8+ Kg7 29. Re7+ Kf6 30. Rxc7 1-0


[Site "https://www.chess.com"]

[Event "Titled Tuesday Blitz May 9 Early 2023"]
[White "Tarnowska, Aleksandra"]
[Black "Nguyen, Hong Anh"]
[WhiteFideId "1180967"]
[BlackFideId "12406732"]
[WhiteElo "1776"]
[BlackElo "2054"]
[Result "0-1"]
[Round "03"]
[TimeControl "180+2"]
[Date "2023.05.09"]
[WhiteClock "0:00:00"]
[BlackClock "0:00:26"]

1. e4 c5 2. Nf3 Nc6 3. Bb5 g6 4. O-O Bg7 5. c3 Nf6 6. Re1 O-O 7. e5 Nd5 8. d4 cxd4 9. cxd4 d6 10. Bg5 Qb6 11. Bxc6 bxc6 12. Nc3 dxe5 13. Nxd5 cxd5 14. dxe5 Qb7 15. b3 Bf5 16. Nd4 e6 17. Nxf5 exf5 18. Bf6 Rfe8 19. Qd4 Re6 20. Rad1 Bxf6 21. exf6 Rd8 22. h3 a6 23. Qh4 Qc6 24. Rxe6 Qxe6 25. Rd3 Rd6 26. Re3 Qxf6 27. Re8+ Kg7 28. Qb4 d4 29. Qb8 d3 30. Rg8+ Kh6 31. f4 Qd4+ 32. Kh1 Qxf4 33. Qf8+ Kh5 34. Rh8 h6 35. g4+ fxg4 36. hxg4+ Kxg4 37. Rxh6 d2 38. Qc8+ Kg5 39. Qc5+ Kxh6 40. Qc2 d1=Q+ 0-1


[Site "https://www.chess.com"]